 Dungeon Crawl Stone Soup version 0.18.1-8-gdd0e5ea (webtiles) character file.

39857 Gargoyl the Protected (level 13, -11/101 HPs)
             Began as a Demonspawn Abyssal Knight on May 27, 2016.
             Was the Champion of Lugonu.
             Mangled by an azure jelly (35 damage)
             ... on level 6 of the Lair of Beasts.
             The game lasted 00:53:09 (22937 turns).

Gargoyl the Protected (Demonspawn Abyssal Knight)  Turns: 22937, Time: 00:53:10

Health: -11/101    AC: 31    Str: 18 (19) XL:     13   Next: 71%
Magic:  17/17      EV:  6    Int: 13      God:    Lugonu [******]
Gold:   1264       SH: 17    Dex: 13      Spells: 0 memorised, 12 levels left

rFire  . . .     SeeInvis .     B - +1 broad axe
rCold  . . .     Gourm    +     q - +0 plate armour
rNeg   . . .     Faith    .     y - +0 large shield
rPois  .         Spirit   .     i - +2 hat
rElec  .         Dismiss  .     l - +2 cloak
rCorr  .         Reflect  .     F - +2 pair of gloves {Str+3}
SustAt .         Harm     .     (boots unavailable)
MR     +....                    e - amulet of the gourmand
Stlth  ..........               r - +4 ring of protection
                                m - +3 ring of protection

@: somewhat resistant to hostile enchantments, extremely unstealthy
A: antennae 2, claws 2, hooves 3, deterioration 1, dopey 1, magic resistance 1,
nightstalker 2, spiny 3
a: Depart the Abyss, Bend Space, Banish, Corrupt, Enter the Abyss, Brand Weapon
With Distortion, Renounce Religion


You were on level 6 of the Lair of Beasts.
You worshipped Lugonu.
Lugonu was exalted by your worship.
You were very full.

You visited 3 branches of the dungeon, and saw 19 of its levels.
You visited the Abyss 1 time.

You collected 1264 gold pieces.

Inventory:

Hand Weapons
 t - a +2 hand crossbow of evasion
 B - a +1 broad axe (weapon)
 C - a +0 flail
Missiles
 u - 166 bolts
 D - 7 tomahawks (quivered)
Armour
 i - a +2 hat (worn)
 l - a +2 cloak (worn)
 q - a +0 plate armour (worn)
 y - a +0 large shield (worn)
 F - a +2 pair of gloves of strength (worn)
Jewellery
 e - an amulet of the gourmand (around neck)
 k - an uncursed ring of positive energy
 m - a +3 ring of protection (left hand)
 n - an uncursed amulet of rage
 r - a +4 ring of protection (right hand)
 s - an uncursed ring of positive energy
 x - an uncursed amulet of harm {unknown}
 J - an uncursed ring of sustain attributes
 K - an uncursed ring of protection from magic
 O - a +3 ring of evasion
 S - an uncursed ring of poison resistance
Wands
 p - a wand of digging (4/24)
 I - a wand of disintegration (6/24)
 Z - a wand of lightning (8/15)
Scrolls
 a - a scroll of enchant weapon
 h - a scroll of blinking
 v - 11 scrolls of remove curse
 w - 3 scrolls of fog
 A - a scroll of identify
 E - 2 scrolls of magic mapping
 L - a scroll of silence {unknown}
 N - 2 scrolls of recharging
 Q - 4 scrolls of teleportation
 T - a scroll of fear
Potions
 b - 2 potions of haste
 d - 2 potions of berserk rage
 f - a potion of might
 o - a potion of invisibility
 U - a potion of cancellation
 X - 3 potions of curing
Miscellaneous
 H - a phial of floods
Comestibles
 c - 7 bread rations
 g - 2 slices of pizza
 j - 5 beef jerkies
 z - 7 fruits
 G - 3 meat rations


   Skills:
 + Level 9.4 Fighting
 + Level 9.7 Axes
 + Level 4.8 Crossbows
 + Level 1.0 Throwing
 * Level 11.9 Armour
 + Level 5.7 Dodging
 + Level 1.1 Stealth
 + Level 10.9 Shields
 + Level 6.0 Invocations


You had 12 spell levels left.
You didn't know any spells.

Dungeon Overview and Level Annotations

Branches:
Dungeon (11/15)            Temple (0/1) D:4            Lair (6/8) D:11
  Swamp (0/4) Lair:3        Snake (0/4) Lair:3        Slime (0/6) Lair:6
    Orc (2/2) D:10
    Elf: Orc:2

Altars:
Ashenzari
Dithmenos
Elyvilon
Gozag
Nemelex Xobeh
Okawaru
Qazlal
Trog
Xom
Jiyva

Shops:
D:4 :   D:6 *

Annotations:
Lair:1 exclusion: oklob plant
Abyss:1 Nergalle


Innate Abilities, Weirdness & Mutations

You have a pair of antennae on your head.
You have very sharp fingernails.
You have hooves in place of feet.
You are significantly more attuned to the shadows.
You are completely covered in sharp spines.
Your body sometimes deteriorates upon taking damage.
You are dopey. (Int -2)
You are resistant to hostile enchantments.


Message History

The azure jelly hits you but does no damage.
You slash the azure jelly!
The azure jelly is almost dead.
The azure jelly is struck by your spines.
The azure jelly hits you but does no damage.
You block the azure jelly's attack.
The azure jelly hits you but does no damage.
You block the azure jelly's attack. x2; The azure jelly hits you!
The azure jelly freezes you!!!
* * * LOW HITPOINT WARNING * * *
You block the azure jelly's attack.
The azure jelly hits you but does no damage.
Your shield and plate armour prevent you from hitting the azure jelly.
The azure jelly is almost dead.
The azure jelly is struck by your spines.
The azure jelly hits you but does no damage.
The azure jelly hits you.
* * * LOW HITPOINT WARNING * * *
The azure jelly freezes you!!
You die...

## .......# .## .......# ..#
.#.###......## .##
..#.##......# .##
##.#.#......## ..#
............#
#####.....#######..........#
## #.......#...#..........##
.# #......##>._J@..........#
####.......#...#...........##
###.......######............##
..YYY......# #............#.#
....##YY>..## ##............##
##P####.Y...## ###.........##
########...... ##.......#.#
####.##.{..... ##......###
.##.....Y..... #.P.#.#.#


You could see an azure jelly.

Vanquished Creatures
  An azure jelly (Lair:6)
  The ghost of Kloppie the Fencer, a journeyman MiFi of Okawaru (Lair:6)
  The ghost of Quirk the Basher, a journeyman TrFi of Dithmenos (Lair:4)
  7 death yaks
  Pikel (D:9)
  A hill giant (D:10)
  A centaur zombie (D:11)
  Maurice (D:9)
  11 elephants
  The ghost of blejac99 the Thaumaturge, a novice DEWz of Sif Muna (D:6)
  A centaur skeleton (D:10)
  11 spiny frogs
  A rime drake (Lair:4)
  5 komodo dragons
  2 polar bears
  A boulder beetle (Lair:5)
  8 blink frogs
  A two-headed ogre (Orc:1)
  2 trolls
  Sigmund (D:4)
  A hungry ghost (D:11)
  4 hippogriffs
  26 yaks
  4 basilisks
  2 wyverns
  Grum (Lair:1)
  A warg (Orc:1)
  A naga (Lair:3)
  A soldier ant (D:11)
  6 porcupines
  10 water moccasins
  3 sky beasts
  A slave (D:9)
  2 ice beasts
  15 orc warriors
  2 black bears
  10 ogres
  2 necrophages (D:10)
  A phantom (D:8)
  7 centaurs
  9 wolves
  10 crocodiles
  4 big kobolds
  13 giant frogs
  A wyvern zombie (D:11)
  3 scorpions
  3 howler monkeys
  5 wights
  4 electric eels
  A giant frog zombie (D:11)
  3 crimson imps
  8 jellies
  3 hounds
  6 orc priests
  9 iguanas
  12 orc wizards
  10 worker ants
  23 sheep
  3 hound skeletons
  A worker ant zombie (D:11)
  7 gnolls
  7 adders
  37 river rats
  A shadow imp (D:11)
  4 oozes
  2 adder zombies (D:7)
  7 giant geckos
  56 orcs
  2 ball pythons
  9 bats
  3 giant cockroaches
  9 goblins
  10 hobgoblins
  11 jackals
  4 quokkas
  A giant gecko skeleton (D:8)
  6 giant newts
  29 kobolds
  9 rats
  A fungus (Lair:3)
505 creatures vanquished.

Vanquished Creatures (others)
  A hydra (Lair:6)
  A swamp dragon (Lair:3)
  2 slaves (D:9)
  2 orc priests (D:10)
  A jelly (D:9)
  5 fungi
  4 plants
16 creatures vanquished.

Grand Total: 521 creatures vanquished

Notes
Turn   | Place    | Note
--------------------------------------------------------------
     0 | Abyss:1  | Gargoyl the Demonspawn Abyssal Knight began the quest for the Orb.
     0 | Abyss:1  | Reached XP level 1. HP: 18/18 MP: 2/2
   115 | Abyss:2  | Noticed an iron imp
   141 | Abyss:2  | Noticed a starcursed mass
   142 | D:1      | Escaped the Abyss
   178 | D:1      | Reached skill level 1 in Dodging
   181 | D:1      | Gained mutation: You are partially covered in sharp spines. [demonic ancestry]
   181 | D:1      | Reached XP level 2. HP: 12/24 MP: 4/4
   477 | D:1      | Reached * piety under Lugonu
   562 | D:1      | Reached skill level 2 in Armour
   589 | D:1      | Gained mutation: You have sharp fingernails. [demonic ancestry]
   589 | D:1      | Reached XP level 3. HP: 29/29 MP: 5/5
  1240 | D:2      | Found an iron altar of Okawaru.
  1302 | D:2      | Reached ** piety under Lugonu
  1450 | D:3      | Noticed an ogre
  1452 | D:3      | Reached XP level 4. HP: 36/36 MP: 6/6
  1476 | D:3      | Killed an ogre
  1476 | D:3      | Gained mutation: You have a pair of small antennae on your head. [demonic ancestry]
  1476 | D:3      | Reached XP level 5. HP: 13/42 MP: 7/7
  1746 | D:3      | Reached skill level 3 in Armour
  2260 | D:4      | Found a white marble altar of Elyvilon.
  2333 | D:4      | Found Xeydiah's Book Shop.
  2390 | D:4      | Reached *** piety under Lugonu
  2487 | D:4      | Found a staircase to the Ecumenical Temple.
  2495 | D:4      | Found a sparkling altar of Nemelex Xobeh.
  2506 | D:4      | Noticed an ogre
  2518 | D:4      | Killed an ogre
  2518 | D:4      | Gained mutation: You have large cloven feet. [demonic ancestry]
  2518 | D:4      | Reached XP level 6. HP: 44/48 MP: 8/8
  2631 | D:4      | Found a stormy altar of Qazlal.
  2917 | D:4      | Noticed Sigmund
  2940 | D:4      | Killed Sigmund
  2940 | D:4      | Reached skill level 1 in Crossbows
  2940 | D:4      | Reached skill level 4 in Armour
  2940 | D:4      | Reached skill level 1 in Shields
  2940 | D:4      | Gained mutation: You have very sharp fingernails. [demonic ancestry]
  2940 | D:4      | Reached XP level 7. HP: 30/55 MP: 9/9
  3180 | D:5      | Entered Level 5 of the Dungeon
  3451 | D:5      | Found a shattered altar of Ashenzari.
  3486 | D:5      | Gained mutation: You have a pair of antennae on your head. [mutagenic meat]
  3487 | D:5      | Gained mutation: You are frail (-10% HP). [mutagenic meat]
  3488 | D:5      | Gained mutation: You tend to lose your temper in combat. [mutagenic meat]
  3490 | D:5      | Gained mutation: You often lose your temper in combat. [mutagenic meat]
  4107 | D:6      | Gained mutation: You are mostly covered in sharp spines. [demonic ancestry]
  4107 | D:6      | Reached XP level 8. HP: 54/54 MP: 10/10
  4133 | D:6      | Noticed blejac99's ghost (novice DEWz)
  4166 | D:6      | Killed blejac99's ghost
  4166 | D:6      | Reached skill level 5 in Armour
  4375 | D:6      | Found a sparkling altar of Nemelex Xobeh.
  4792 | D:6      | Found an opulent altar of Gozag.
  4792 | D:6      | Found Gozag's Platinum Reserve.
  5351 | D:7      | Gained mutation: Your system is resistant to poisons. [potion of beneficial mutation]
  5353 | D:7      | Lost mutation: You are frail (-10% HP). [potion of cure mutation]
  5353 | D:7      | Lost mutation: You often lose your temper in combat. [potion of cure mutation]
  5353 | D:7      | Lost mutation: You tend to lose your temper in combat. [potion of cure mutation]
  5353 | D:7      | Lost mutation: Your system is resistant to poisons. [potion of cure mutation]
  5411 | D:7      | Reached **** piety under Lugonu
  5453 | D:7      | Reached skill level 5 in Fighting
  5653 | D:7      | Gained mutation: You are slightly more attuned to the shadows. [demonic ancestry]
  5653 | D:7      | Reached XP level 9. HP: 68/68 MP: 11/11
  5817 | D:7      | Found a bloodstained altar of Trog.
  5823 | D:7      | Found a shimmering altar of Xom.
  6023 | D:7      | Reached skill level 6 in Armour
  6300 | D:8      | Reached ***** piety under Lugonu
  6934 | D:9      | Noticed a troll
  6939 | D:9      | Killed a troll
  6939 | D:9      | Reached skill level 5 in Shields
  7017 | D:9      | Reached skill level 5 in Axes
  7117 | D:9      | Noticed Pikel
  7124 | D:9      | Gained mutation: You are significantly more attuned to the shadows. [demonic ancestry]
  7124 | D:9      | Reached XP level 10. HP: 63/76 MP: 12/12
  7130 | D:9      | Killed Pikel
  7130 | D:9      | Reached skill level 7 in Armour
  7749 | D:9      | Noticed Maurice
  7765 | D:9      | Killed Maurice
  8011 | D:10     | Entered Level 10 of the Dungeon
  8517 | D:10     | Found a staircase to the Orcish Mines.
  8993 | D:10     | Noticed a hill giant
  9003 | D:10     | Killed a hill giant
  9003 | D:10     | Reached skill level 5 in Dodging
  9200 | D:10     | Reached skill level 8 in Armour
  9520 | Orc:1    | Entered Level 1 of the Orcish Mines
  9530 | Orc:1    | Gained mutation: You have hoof-like feet. [demonic ancestry]
  9530 | Orc:1    | Reached XP level 11. HP: 81/83 MP: 14/14
  9532 | Orc:1    | Reached skill level 1 in Throwing
  9597 | Orc:2    | Entered Level 2 of the Orcish Mines
  9656 | Orc:2    | Noticed an orc high priest
  9660 | Orc:2    | Noticed an orc high priest
  9661 | Orc:2    | Noticed an orc high priest
  9962 | D:10     | Noticed a soul eater
  9971 | D:10     | Banished an orc high priest
 10423 | Orc:2    | Noticed an orc warlord
 10431 | Orc:1    | Gained mutation: You are dopey. (Int -2) [a neqoxec]
 10435 | Orc:1    | Banished an orc high priest
 11168 | D:11     | Reached skill level 5 in Invocations
 11362 | D:11     | Noticed Nergalle
 11642 | D:10     | Banished Nergalle
 11922 | D:11     | Found a staircase to the Lair.
 12795 | Lair:1   | Entered Level 1 of the Lair of Beasts
 12841 | Lair:1   | Reached skill level 9 in Armour
 13076 | Lair:1   | Found an iron altar of Okawaru.
 13077 | Lair:1   | Noticed an oklob plant
 13472 | Lair:1   | Noticed Grum
 13486 | Lair:1   | Killed Grum
 13930 | Lair:1   | Gained mutation: You have hooves in place of feet. [demonic ancestry]
 13930 | Lair:1   | Reached XP level 12. HP: 65/91 MP: 16/16
 15071 | Lair:2   | Reached skill level 10 in Armour
 15829 | Lair:3   | Reached ****** piety under Lugonu
 16180 | Lair:3   | Found a staircase to the Swamp.
 16190 | Lair:3   | Reached skill level 1 in Stealth
 16694 | Lair:3   | Found a staircase to the Snake Pit.
 16941 | Lair:4   | Reached skill level 10 in Shields
 16942 | Lair:4   | HP: 1/94 [elephant (13)]
 17404 | Lair:4   | Noticed Quirk's ghost (journeyman TrFi)
 17887 | Lair:4   | Killed Quirk's ghost
 18327 | Lair:3   | Gained mutation: You are completely covered in sharp spines. [demonic ancestry]
 18327 | Lair:3   | Reached XP level 13. HP: 58/99 MP: 17/17
 18935 | Lair:4   | Reached skill level 11 in Armour
 19026 | Lair:4   | Gained mutation: Your body sometimes deteriorates upon taking damage. [potion of mutation]
 19026 | Lair:4   | Gained mutation: You are resistant to hostile enchantments. [potion of mutation]
 20804 | Lair:6   | Noticed Kloppie's ghost (journeyman MiFi)
 20869 | Lair:6   | Killed Kloppie's ghost
 21275 | Lair:6   | Found a shadowy altar of Dithmenos.
 22910 | Lair:6   | Found a runed door.
 22910 | Lair:6   | Found a viscous altar of Jiyva.
 22911 | Lair:6   | Noticed an azure jelly
 22911 | Lair:6   | Noticed an azure jelly
 22917 | Lair:6   | Found a staircase to the Slime Pits.
 22928 | Lair:6   | Killed an azure jelly
 22937 | Lair:6   | Mangled by an azure jelly

Skill      XL: |  1  2  3  4  5  6  7  8  9 10 11 12 13 |
---------------+----------------------------------------+-----
Dodging        | 1 2 3 4 5 |  5.7
Axes           | 2 3 5 6 7 8 9 |  9.7
Armour         | 2 3 4 5 6 8 9 10 11 | 11.9
Invocations    | 3 4 5 6 |  6.0
Fighting       | 4 5 6 7 8 9 |  9.4
Crossbows      | 1 3 4 |  4.8
Shields        | 1 2 3 5 7 8 10 | 10.9
Throwing       | 1 |  1.0
Stealth        | 1 |  1.1

Action                   |  1- 3 |  4- 6 |  7- 9 | 10-12 | 13-15 || total
-------------------------+-------+-------+-------+-------+-------++-------
Melee: Hand axe          |    51 |    41 |    27 |       |       ||   119
       Kick              |       |     2 |    72 |   160 |   137 ||   371
       War axe           |       |       |   227 |   549 |       ||   776
       Broad axe         |       |       |       |   368 |   322 ||   690
 Fire: Hand crossbow     |       |    34 |    63 |       |     8 ||   105
Throw: Tomahawk          |       |       |       |    12 |       ||    12
Invok: Depart the Abyss  |     1 |       |       |       |       ||     1
       Banish            |       |       |       |    13 |     1 ||    14
       Bend Space        |       |       |       |     5 |     1 ||     6
  Use: Scroll            |    10 |       |    12 |    12 |     2 ||    36
       Potion            |       |     2 |     8 |    12 |     4 ||    26
  Eat: Chunk             |     3 |    11 |     8 |    45 |    19 ||    86
       Pizza             |       |       |     1 |       |       ||     1
       Fruit             |       |       |     3 |       |       ||     3
       Beef jerky        |       |       |       |     2 |       ||     2
       Meat ration       |       |       |       |     1 |       ||     1
Armor: Leather armour    |    19 |       |       |       |       ||    19
       Scale mail        |    10 |    34 |       |       |       ||    44
       Chain mail        |       |       |   165 |   167 |       ||   332
       Plate armour      |       |       |       |   465 |   201 ||   666
Dodge: Dodged            |    38 |    32 |    55 |   215 |    47 ||   387
Block: Large shield      |       |    27 |   263 |  1103 |   291 ||  1684
